 Dungeon Crawl Stone Soup version 0.29-a0-643-ga013cefcf8 (webtiles) character file.

Game seed: 1274761784633321017

2592 rigao the Summoner (level 10, -3/86 HPs)
             Began as a Meteoran Fighter on June 19, 2022.
             Was a Follower of Uskayaw.
             Slain by an orc warrior
             ... wielding a +0 trident
              (16 damage)
             ... on level 8 of the Dungeon.
             The game lasted 00:22:25 (2901 turns).

rigao the Summoner (Meteoran Fighter)               Turns: 2901, Time: 00:22:26

Health: -3/86      AC:  2    Str: 29    XL:     10   Next: 12%
Magic:  6/11       EV: 10    Int: 16    God:    Uskayaw [*.....]
Gold:   285        SH: 12    Dex: 10    Spells: 3/9 levels left

rFire   . . .      SeeInvis .   a - +4 dagger (venom)
rCold   . . .      Faith    .   s - +3 warlock's mirror {reflect}
rNeg    . . .      Spirit   .   (no body armour)
rPois   .          Reflect  +   (no helmet)
rElec   .          Harm     .   k - +0 cloak
rCorr   +          Rampage  .   f - +0 pair of gloves of Impressiveness {rCorr Str+7 Dex-2}
Will    +....                   (no boots)
Stlth   +.........              r - amulet of Vannog {Reflect Int+2 SH+5}
HPRegen 0.24/turn               (no ring)
MPRegen 0.12/turn               (no ring)

@: glowing
A: sense surroundings 2, otherworldly, glowing, explore regen, deformed body,
strong 1, noise suppression
a: Renounce Religion, Stomp


You were on level 8 of the Dungeon.
You worshipped Uskayaw.
Uskayaw was noncommittal.
You visited 2 branches of the dungeon, and saw 9 of its levels.
You also visited: Sewer.

You collected 298 gold pieces.
You spent 13 gold pieces at shops.

Inventory:

Hand Weapons
 a - a +4 dagger of venom (weapon)
 b - a +1 quick blade of chaos
 j - a +0 flail
Missiles
 c - a throwing net
 g - 12 poisoned darts (quivered)
Armour
 f - the +0 pair of gloves of Impressiveness (worn) {rCorr Str+7 Dex-2}
   (You acquired it on level 4 of the Dungeon)

   Str:       It affects your strength (+7).
   Dex:       It affects your dexterity (-2).
   rCorr:     It protects you from acid and corrosion.
 i - a +0 scale mail
 k - a +0 cloak (worn)
 l - a +0 chain mail of poison resistance
 s - the +3 warlock's mirror (worn) {reflect}
   (You acquired it on level 4 of the Dungeon)

   It can block and reflect piercing ranged attacks and magical attacks against
   the wielder's willpower.
 y - the +6 ring mail "Xemmepp" {Str+7 Int+2}
   (You found it on level 5 of the Dungeon)

   Str:       It affects your strength (+7).
   Int:       It affects your intelligence (+2).
Jewellery
 r - the amulet of Vannog (around neck) {Reflect Int+2 SH+5}
   (You acquired it on level 4 of the Dungeon)

   [amulet of reflection]

   It reflects blocked missile attacks.
   Int:       It affects your intelligence (+2).
   SH:        It affects your SH (+5).
 A - a +6 ring of intelligence
Wands
 q - a wand of charming (4)
Scrolls
 h - a scroll of blinking
 m - a scroll of summoning {unknown}
 n - 3 scrolls of teleportation
 v - a scroll of fog
Potions
 d - 6 potions of might
 e - a potion of mutation
 o - 2 potions of flight
 p - 4 potions of curing
 t - 2 potions of brilliance
 u - a potion of haste
 w - a potion of invisibility {unknown}
 x - a potion of resistance
 z - 2 potions of cancellation
 B - a potion of lignification {unknown}


   Skills:
 + Level 7.1 Fighting
 - Level 8.0 Short Blades
 - Level 4.5 Maces & Flails
 - Level 3.6 Armour
 - Level 3.6 Shields
 - Level 3.2 Hexes
 - Level 9.0 Summonings


You had 3 spell levels left.
You knew the following spells:

 Your Spells              Type           Power      Damage    Failure   Level
a - Call Canine Familiar  Summ           28%        N/A       2%          3
b - Summon Guardian Gole  Hex/Summ       19%        N/A       9%          3

Your spell library contained the following spells:

 Spells                   Type           Power      Damage    Failure   Level
 Summon Small Mammal      Summ           100%       N/A       1%          1
 Beastly Appendage        Tmut           0%         N/A       32%         1
 Wereblood                Tmut           0%         N/A       45%         2
 Portal Projectile        Hex/Tloc       10%        N/A       45%         3
 Spider Form              Tmut/Pois      0%         N/A       69%         3
 Leda's Liquefaction      Hex/Erth       2%         N/A       86%         4


Dungeon Overview and Level Annotations

Branches:
Dungeon (8/15) Zot: 2341   Temple (1/1) D:7 Zot: 565   Sewer (visited)
   Lair: D:8-11

Altars:
Dithmenos
Elyvilon
Fedhas
Hepliaklqana
Nemelex Xobeh
Okawaru
Sif Muna
Uskayaw
Vehumet
Wu Jian
Xom
Zin
The Shining One

Shops:
D:4 [   D:5 !


Innate Abilities, Weirdness & Mutations

You passively map the area around you.
You are easily found by Zot.
You glow in the dark.
You regain HP and MP as you explore.
Armour fits poorly on your strangely shaped body.
Your muscles are strong. (Str +4, Int/Dex-1)
You passively dampen the noise of your surroundings.


Message History

The orc warrior hits you from afar with a +0 trident!!
Casting: Call Canine Familiar (mildly dangerous; 2% risk of failure)
Confirm with . or Enter, or press ? or * to list all spells.
A guardian golem appears, shielding your allies.
The orc wizard casts a spell.
The orc wizard flickers and vanishes!
Deactivating autopickup; reactivate with Ctrl-A.
You block the orc warrior's attack.
The orc hits you with a +0 short sword of speed.
Your hound bites the orc.
You block the orc's attack.
Unknown command.
You hit the orc.
The orc is poisoned.
The orc is severely wounded.
The orc warrior hits you from afar with a +0 trident!
You block the orc's attack.
Unknown command.
You puncture the orc!
You kill the orc!
Your hound misses something. You block the orc warrior's attack.
Found an encrusted gilded ring.
Your hound bites something.
Something hits you.
The orc warrior hits you with a +0 trident!
You closely miss the orc warrior.
Your hound closely misses something.
You hit the orc warrior but do no damage.
The orc warrior is poisoned.
Your hound barely misses something.
A magic dart appears from out of thin air!
Your +3 warlock's mirror {reflect} reflects the magic dart!
The magic dart hits something!
The orc warrior hits you with a +0 trident!!
* * * LOW HITPOINT WARNING * * *
Unknown command.
Your hound completely misses something.
Something hits you.
* * * LOW HITPOINT WARNING * * *
You block the orc warrior's attack.
Your hound bites something.
Your hound bites something but does no damage.
Something hits your hound but does no damage.
Your hound bites something.
Reactivating autopickup.
You feel a bit more experienced.
The orc warrior hits you from afar with a +0 trident!
You die...

, , ** ,* , , ,
, * * * , * *
*...... , * ,
.=... , ,,....
* * ..., ,, *
#..##########**
,,,
#..#.@..<...#
,,, *
,,#..#9###.##.#
** , ,,
,#..o)..#..# *
* , ,
#...h#.##.# * *
, , #.........#
*, , , ,
#......#### * ,
,,,, #........
, * , ,, ,,
.......... ,.
###.########


You could see an orc warrior (very poisoned, ally target), a friendly guardian
golem (summoned) and a friendly hound (summoned, sheltered).

Vanquished Creatures
  Pikel (D:5)
  A hornet (D:7)
  2 water moccasins (D:7)
  2 black bears
  A centaur (D:6)
  An ogre (D:4)
  Blork the orc (D:4)
  A gnoll sergeant (D:5)
  5 scorpions
  A wight (D:7)
  A howler monkey (D:5)
  A jelly (D:5)
  2 orc priests (D:5)
  A hound (D:6)
  Natasha (twice) (D:2)
  An iguana (D:6)
  An orc wizard (D:5)
  5 adders
  8 river rats
  3 gnolls (D:5)
  A white imp (D:7)
  2 ufetubi
  6 worms
  2 dart slugs
  10 orcs
  10 ball pythons
  9 endoplasms
  6 giant cockroaches
  3 goblins
  8 hobgoblins
  14 jackals
  21 kobolds
  3 quokkas
  A bat (D:2)
  5 frilled lizards
  31 rats
173 creatures vanquished.

Vanquished Creatures (collateral kills)
  Menkaure (D:6)
  A water moccasin (D:6)
  A phantom (D:6)
  2 hounds (D:5)
  An orc wizard (D:8)
  A gnoll (D:5)
7 creatures vanquished.

Grand Total: 180 creatures vanquished

Notes
Turn   | Place    | Note
-------+----------+-------------------------------------------
     0 | D:1      | rigao the Meteoran Fighter began the quest for the Orb.
     0 | D:1      | Reached XP level 1. HP: 19/19 MP: 2/2
    82 | D:1      | Reached XP level 2. HP: 25/26 MP: 3/3
   135 | D:1      | Reached XP level 3. HP: 30/31 MP: 4/4
   151 | D:1      | Reached skill level 1 in Summonings
   319 | D:2      | Reached XP level 4. HP: 32/38 MP: 5/5
   364 | D:2      | Reached skill level 2 in Summonings
   370 | D:2      | Reached skill level 1 in Short Blades
   435 | D:2      | Learned a level 3 spell: Call Canine Familiar
   487 | D:2      | Noticed Natasha
   494 | D:2      | Killed Natasha
   495 | D:2      | Reached XP level 5. HP: 38/45 MP: 6/6
   589 | D:2      | Identified the +6 spear "Embalmer" {drain, *Noise rElec
                  | Int+6 Stlth+}
   647 | D:3      | Reached skill level 3 in Summonings
   731 | D:2      | Noticed Natasha
   741 | D:2      | Killed Natasha
   885 | D:3      | Reached XP level 6. HP: 46/51 MP: 7/7
   987 | D:4      | Identified 3 scrolls of acquirement
   987 | D:4      | Acquired the amulet of Vannog {Reflect Int+2 SH+5}
   994 | D:4      | Acquired the +3 warlock's mirror {reflect}
   994 | D:4      | Found the +3 warlock's mirror {reflect}
  1005 | D:4      | Acquired the +0 pair of gloves of Impressiveness {rCorr
                  | Str+7 Dex-2}
  1036 | D:4      | Found Dueset's Armour Shop.
  1154 | D:5      | Entered Level 5 of the Dungeon
  1175 | D:4      | Found a shadowy altar of Dithmenos.
  1179 | D:4      | Noticed Blork the orc
  1193 | D:4      | Killed Blork the orc
  1194 | D:4      | Reached skill level 4 in Summonings
  1283 | D:4      | Noticed an ogre
  1294 | D:4      | Killed an ogre
  1295 | D:4      | Reached XP level 7. HP: 53/57 MP: 8/8
  1375 | D:4      | Reached skill level 5 in Summonings
  1409 | D:4      | Found a glowing drain.
  1419 | Sewer    | Entered a sewer
  1942 | D:5      | Reached skill level 5 in Short Blades
  1951 | D:5      | Reached skill level 6 in Summonings
  1951 | D:5      | Reached XP level 8. HP: 54/63 MP: 9/9
  1994 | D:5      | Gained mutation: You passively dampen the noise of your
                  | surroundings. [potion of mutation]
  1994 | D:5      | Gained mutation: Armour fits poorly on your strangely
                  | shaped body. [potion of mutation]
  1994 | D:5      | Gained mutation: Your muscles are strong. (Str +4,
                  | Int/Dex-1) [potion of mutation]
  2027 | D:5      | Found Zynipp's Distillery.
  2034 | D:5      | Bought a potion of degeneration for 13 gold pieces
  2147 | D:5      | Noticed Pikel
  2166 | D:5      | Killed Pikel
  2167 | D:5      | Reached skill level 5 in Fighting
  2167 | D:5      | Reached skill level 7 in Summonings
  2167 | D:5      | Gained mutation: You passively map the area around you.
                  | [Meteoran growth]
  2167 | D:5      | Reached XP level 9. HP: 9/74 MP: 10/10
  2271 | D:5      | Learned a level 3 spell: Summon Guardian Golem
  2284 | D:5      | Identified the +6 ring mail "Xemmepp" {Str+7 Int+2}
  2317 | D:6      | Reached skill level 1 in Hexes
  2419 | D:6      | Noticed Menkaure
  2440 | D:6      | Killed Menkaure
  2441 | D:6      | Reached skill level 8 in Summonings
  2607 | D:7      | Found a staircase to the Ecumenical Temple.
  2619 | Temple   | Entered the Ecumenical Temple
  2637 | Temple   | Became a worshipper of Uskayaw the Reveller
  2682 | D:7      | Reached * piety under Uskayaw
  2725 | D:7      | Reached ** piety under Uskayaw
  2806 | D:7      | Noticed a hornet
  2812 | D:7      | Paralysed by a hornet for 3 turns
  2816 | D:7      | Killed a hornet
  2817 | D:7      | Reached XP level 10. HP: 41/84 MP: 8/11
  2855 | D:7      | Reached skill level 9 in Summonings
  2901 | D:8      | Slain by an orc warrior

Illustrated notes

Levels and vault maps discovered:
D:1:      eino_arrival_cavern_b, layout_rooms,
          amcnicky_mini_rare_corridor_liquid
D:2:      layout_rooms, uniq_natasha
D:3:      layout_basic
D:4:      layout_layer_cave, nicolae_overflow_hidden_temple,
          gup_sewer_entry_spiral, serial_shops, nicolae_shop_hallway_stairs,
          dk_rats_in_the_wall, uniq_blork_the_orc
D:5:      dreamdust_elfheim, layout_loops_ring, serial_shops,
          nicolae_shop_waterfront, uniq_pikel
D:6:      layout_layer_cave, uniq_menkaure
D:7:      layout_rooms, temple_green, sigmund_army
D:8:      layout_basic, serial_shops, shop, uniq_erica
Temple:   nicolae_temple_the_god_donut

Skill      XL: |  1  2  3  4  5  6  7  8  9 10 |
---------------+-------------------------------+-----
Maces & Flails | 3 4 |  4.5
Summonings     | 1 2 3 4 6 7 8 9 |  9.0
Short Blades   | 1 2 4 5 6 8 |  8.0
Fighting       | 5 6 7 |  7.1
Hexes          | 3 |  3.2
Armour         | |  3.6
Shields        | |  3.6

Action                   |  1- 3 |  4- 6 |  7- 9 | 10-12 || total
-------------------------+-------+-------+-------+-------++-------
Melee: Flail             |    92 |       |       |       ||    92
       Quick blade       |    19 |     7 |     2 |       ||    28
       Dagger            |       |   148 |   352 |    15 ||   515
 Cast: Call Canine Famil |       |       |    12 |     1 ||    13
       Summon Guardian G |       |       |     2 |     1 ||     3
  Use: Scroll            |       |    11 |     4 |       ||    15
       Potion            |       |       |     7 |       ||     7
Armor: Scale mail        |    98 |    64 |    68 |       ||   230
       Skin              |       |       |     6 |     1 ||     7
Dodge: Dodged            |    62 |    43 |    53 |       ||   158
Block: Buckler           |    47 |    41 |   204 |    11 ||   303
       Reflection        |       |     1 |     6 |     1 ||     8

Table legend: (Time is in decaauts)
 A = Elapsed time spent in this place.
 B = Non-inter-level travel time spent in this place.
 C = Inter-level travel time spent in this place.
 D = Time resting spent in this place.
 E = Time spent auto-exploring this place.
 F = Levels seen in this place.
 G = Mean time per level.
                   A        B        C        D        E       F      G
               +--------+--------+--------+--------+--------+-----+--------+
         Total |   2846 |   2679 |    167 |      0 |     25 |  10 |  284.6 |
       Dungeon |   2457 |   2305 |    152 |      0 |     25 |   8 |  307.1 |
        Temple |     34 |     19 |     15 |      0 |      0 |   1 |   34.0 |
         Sewer |    355 |    355 |      0 |      0 |      0 |   1 |  355.0 |
               +--------+--------+--------+--------+--------+-----+--------+

Top non-repeatable levels by time:
     D:4: 661 daAuts
     D:2: 375 daAuts
     D:1: 361 daAuts
   Sewer: 355 daAuts
     D:5: 346 daAuts
     D:7: 260 daAuts
     D:6: 229 daAuts
     D:3: 202 daAuts
  Temple: 34 daAuts
     D:8: 20 daAuts
